AoeStats
← Hicox

Nomad

507868745Analyzed
3v3 RM · 13d ago on Sep 20, 2026· 48m 19s· 6 players
Game mode
Random Map
Map size
210×210
Population
200
Speed
Normal
Resources
Standard
Victory
Conquest
Starting age
Dark Age
Ending age
Imperial Age
RankedLock teamsTeams togetherTeam positionsShared explorationLock speedFull tech treeHidden civsTurbo modeCheats
Victory
Defeat
🇺🇸 Celts · United States
1090
+11
🇨🇭 Armenians · Switzerland
1056
+12
🇦🇷 Chinese · Argentina
1020
+14
🇦🇷 Chinese · Argentina
1033
-44
🇦🇷 Georgians · Argentina
999
-17
🇦🇷 Italians · Argentina
886
-23
Hicox
5:42 Loom
17:37 Feudal Age
19:02 Town Watch
19:10 Fletching
20:16 Padded Archer Armor
34:16 Double-Bit Axe
37:50 Castle Age
39:21 Bow Saw
39:11 Bodkin Arrow
40:28 Town Patrol
40:56 Ballistics
40:51 Horse Collar
41:03 Gold Mining
46:27 Wheelbarrow
47:05 Leather Archer Armor
bkup
6:13 Loom
15:22 Feudal Age
17:54 Double-Bit Axe
23:54 Stone Mining
24:47 Fletching
32:05 Forging
36:16 Castle Age
35:13 Scale Mail Armor
39:11 Stronghold
39:51 Bow Saw
42:13 Horse Collar
47:07 Wheelbarrow
46:18 Town Watch
47:34 Chain Mail Armor
47:55 Iron Casting
47:49 Ballistics
HarryBo
4:29 Loom
13:06 Feudal Age
13:51 Fishing Lines
14:08 Double-Bit Axe
15:37 Fletching
17:47 Scale Mail Armor
21:06 Castle Age
19:45 Gold Mining
20:12 Forging
21:01 Man-at-Arms
21:37 Stone Mining
22:30 Wheelbarrow
21:43 Long Swordsman
23:57 Hand Cart
25:19 Gillnets
26:14 Medium Warships
26:17 Horse Collar
26:51 Bow Saw
28:32 Two-Handed Swordsman
30:05 Heavy Plow
33:19 Chain Mail Armor
33:40 Iron Casting
37:56 Imperial Age
36:18 Padded Archer Armor
38:26 Bodkin Arrow
38:47 Leather Archer Armor
39:08 Bracer
39:34 Elite Composite Bowman
40:47 Conscription
40:52 Ballistics
40:18 Champion
40:59 Squires
42:33 Gambesons
42:34 Arson
43:27 Ring Archer Armor
43:28 Plate Mail Armor
43:58 Blast Furnace
43:14 Capped Ram
44:04 Siege Ram
46:22 Fereters
StrikePR0
3:10 Loom
17:21 Feudal Age
17:53 Double-Bit Axe
17:59 Horse Collar
18:04 Fishing Lines
19:59 Gold Mining
25:10 Castle Age
23:07 Stone Mining
23:57 Wheelbarrow
27:01 Fletching
27:13 Scale Mail Armor
27:24 Forging
28:37 Bow Saw
28:21 Town Watch
28:35 Bodkin Arrow
31:55 Iron Casting
48:07 Imperial Age
47:36 Masonry
47:47 Ballistics
Lord Player
5:34 Loom
14:07 Feudal Age
17:22 Bloodlines
17:39 Double-Bit Axe
18:36 Horse Collar
28:52 Castle Age
27:28 Gold Mining
32:12 Bow Saw
37:46 Imperial Age
39:41 Scale Barding Armor
40:30 Wheelbarrow
43:57 Heavy Plow
45:06 Svan Towers
4TOM!C
8:53 Loom
12:17 Feudal Age
12:49 Double-Bit Axe
13:26 Fishing Lines
16:50 Wheelbarrow
17:31 Fletching
22:58 Castle Age
25:29 Stone Mining
25:48 Bodkin Arrow
29:17 Gold Mining
32:14 Padded Archer Armor
32:16 Horse Collar
33:08 Squires
34:19 Bow Saw
35:05 Heavy Plow
40:34 Ballistics
43:50 Imperial Age
42:33 Leather Archer Armor
42:09 Treadmill Crane
44:05 Thumb Ring
47:09 Two-Man Saw
47:04 Conscription
46:56 Forging
46:55 Murder Holes
47:23 Conscription
47:42 Stone Shaft Mining
48:14 Iron Casting
Connection lost

Rejoining the realm…

Still unreachable

The connection could not be restored.

Session expired

The server has moved on; the page needs a fresh start.